Map: New Gettysburg LE

Players

AnganTyr

  • Race: Protoss Protoss
  • League: Diamond

Gracz - Winner!

  • Race: Protoss Protoss
  • League: Silver

VOD

Have the link to the VOD?

Description

Time

  • Played on: Oct. 17, 2016, 2:40 p.m.
  • Length: 6:04
Show
View Real Time Build Order
Export as new Build Order

AnganTyr Protoss 

Build Orders:  

Get SALT Encoding   

Show
View Real Time Build Order
Export as new Build Order

Gracz Protoss - Winner!

Build Orders:  

Get SALT Encoding   

  12  0:01  Probe (Chrono Boost)  
  13  0:21  Pylon  
  13  0:26  Probe (Chrono Boost)  
  14  0:37  Probe (Chrono Boost)  
  15  0:42  Assimilator  
  15  0:47  Probe (Chrono Boost)  
  16  0:58  Probe (Chrono Boost)  
  17  1:05  Pylon  
  17  1:10  Assimilator  
  17  1:31  Gateway  
  17  1:32  Gateway  
  17  1:37  Probe (Chrono Boost)  
  18  1:48  Probe (Chrono Boost)  
  19  1:58  Probe (Chrono Boost)  
  20  2:02  Nexus  
  20  2:09  Probe (Chrono Boost)  
  21  2:16  Pylon  
  21  2:19  Probe (Chrono Boost)  
  22  2:27  Cybernetics Core  
  22  2:34  Gateway  
  22  2:40  Probe (Chrono Boost)  
  23  2:44  Assimilator  
  23  2:50  Warp Gate  
  23  2:57  Probe (Chrono Boost)  
  24  3:03  Gateway  
  24  3:09  Probe (Chrono Boost)  
  25  3:23  Probe (Chrono Boost)  
  25  3:25  Probe (Chrono Boost)  
  27  3:31  Gateway  
  27  3:34  Probe (Chrono Boost)  
  28  3:37  Probe (Chrono Boost)  
  28  3:39  Pylon  
  29  3:44  Probe (Chrono Boost)  
  31  3:49  Stalker, Probe (Chrono Boost)  
  31  3:52  Stalker  
  37  4:03  Probe x2 (Chrono Boost)  
  37  4:18  Stalker  
  39  4:32  Twilight Council  
  39  4:34  Forge  
  39  4:35  Robotics Facility, Stalker  
  39  4:39  Stalker  
  43  5:00  Stalker  
  43  5:01  Stalker  
  43  5:03  Stalker  
  49  5:13  Stalker  
  51  5:21  Stalker  
  53  5:32  Stalker  
  55  5:45  Stalker  
  55  5:46  Stalker  
  55  5:48  Zealot  
Tags
 
Add a new tag
Caveats
  • Supply blocks, unpowered buildings, or Contaminate may cause inaccurate times.
  • Supply counts are checked every 10 seconds.